 Dungeon Crawl Stone Soup version 0.31-a0-344-gd109795599 (webtiles) character file.

Game seed: 2585869710672129096

3706 Newt the Nimble (level 10, -9/76 HPs)
             Began as a Merfolk Fighter on July 21, 2023.
             Was a Follower of Lugonu.
             Killed from afar by a steam dragon (15 damage)
             ... with a ball of steam
             ... on level 8 of the Dungeon.
             The game lasted 00:12:31 (9871 turns).

Newt the Nimble (Merfolk Fighter)                   Turns: 9871, Time: 00:12:32

Health: -9/76      AC:  6    Str: 16    XL:     10   Next: 14%
Magic:  15/15      EV: 20    Int: 16    God:    Lugonu [*.....]
Gold:   382        SH:  6    Dex: 18    Spells: 15/16 levels left

rFire   . . .        a - +1 long sword
rCold   . . .        c - +1 buckler
rNeg    . . .        n - +1 ring mail "Waviecic" {Will- Int+8}
rPois   .            (no helmet)
rElec   .            (no cloak)
rCorr   .            (no gloves)
SInv    .            (no boots)
Will    .....        (no amulet)
Stlth   ++           s - ring of willpower
HPRegen 0.32/turn    v - +5 ring of evasion
MPRegen 0.14/turn

%: no passive effects
@: no status effects
A: (nimble swimmer 2), mertail
a: Renounce Religion, Depart the Abyss


You were on level 8 of the Dungeon.
You worshipped Lugonu.
Lugonu was aware of your devotion.
You visited 2 branches of the dungeon, and saw 10 of its levels.
You visited the Abyss 1 time.
You also visited: Sewer.

You collected 382 gold pieces.

Inventory:

Hand Weapons
 a - a +1 long sword (weapon)
Missiles
 k - a curare-tipped dart
 p - 48 poisoned darts (quivered)
 x - 3 javelins
 z - 4 boomerangs
Armour
 b - a +0 scale mail
 c - a +1 buckler (worn)
 n - the +1 ring mail "Waviecic" (worn) {Will- Int+8}
   (You found it on level 2 of the Dungeon)

   Int:       It affects your intelligence (+8).
   Will:      It decreases your willpower.
 A - a +2 pair of gloves
Jewellery
 s - a ring of willpower (left hand)
 v - a +5 ring of evasion (right hand)
Wands
 w - a wand of paralysis (2)
 y - a wand of roots (15)
 B - a wand of polymorph (10)
Scrolls
 f - 3 scrolls of identify
 m - 4 scrolls of enchant weapon
 u - 2 scrolls of teleportation
Potions
 d - a potion of might
 e - 3 potions of ambrosia
 g - 2 potions of mutation
 h - 2 potions of haste
 i - 3 potions of berserk rage
 j - 2 potions of enlightenment
 l - 2 potions of curing
 o - 2 potions of heal wounds
 q - a potion of magic
 r - a potion of invisibility
 t - 2 potions of attraction


   Skills:
 - Level 6.0 Fighting
 + Level 7.4 Long Blades
 - Level 6.0 Throwing
 - Level 4.0 Armour
 - Level 8.0 Dodging
 - Level 4.0 Stealth
 - Level 3.0 Shields
 - Level 3.8 Spellcasting
 - Level 4.2 Summonings


You had 15 spell levels left.
You knew the following spells:

 Your Spells              Type           Power      Damage    Failure   Level
a - Summon Small Mammal   Summ           64%        N/A       7%          1

Your spell library contained the following spells:

 Spells                   Type           Power      Damage    Failure   Level
 Call Canine Familiar     Summ           16%        N/A       22%         3
 Summon Guardian Golem    Hex/Summ       9%         N/A       45%         3
 Static Discharge         Conj/Air       6%         2-3/arc   52%         2
 Vhi's Electric Charge    Tloc/Air       6%         N/A       77%         3
 Volatile Blastmotes      Fire/Tloc      6%         2d10      77%         3
 Summon Lightning Spire   Summ/Air       9%         N/A       86%         4
 Airstrike                Air            1%         2d(1-17)  99%         4
 Fulminant Prism          Conj/Hex       1%         3d5       99%         4
 Iskenderun's Mystic Bla  Conj/Tloc      3%         2d3       99%         4
 Arcjolt                  Conj/Air       1%         1d11      100%        5
 Fireball                 Conj/Fire      1%         3d3       100%        5
 Iskenderun's Battlesphe  Conj           3%         2d6       100%        5
 Conjure Ball Lightning   Conj/Air       1%         3x3d6     100%        6
 Orb of Destruction       Conj           1%         9d5       100%        7
 Maxwell's Capacitive Co  Air            1%         ∞         100%        8


Dungeon Overview and Level Annotations

Branches:
Dungeon (9/15)             Temple (1/1) D:7             Orc (0/2) D:9
  Sewer (visited)
   Lair: D:8-11

Altars:
Ashenzari
Cheibriados
Dithmenos
Elyvilon
Gozag
Hepliaklqana
Kikubaaqudgha
Makhleb
Okawaru
Ru
Sif Muna
Trog
Uskayaw
Vehumet
Xom
Yredelemnul
Zin
The Shining One

Shops:
D:5 *

Annotations:
D:8 Grum, Joseph
D:9 Erolcha
Temple 2 transporters


Innate Abilities, Weirdness & Mutations

((You are very nimble when in or above water. (Stealth+, EV+, Speed+++)))
Your lower body shifts to a powerful aquatic tail in water.


Message History

You are too injured to fight recklessly!
The wolf misses you.
Unknown command.
You barely miss the wolf.
The wolf is severely wounded.
The wolf misses you.
Grum is momentarily distracted by a flea in his coat.
Unknown command.
You barely miss the wolf.
The wolf is severely wounded.
The wolf misses you. You block the wolf's attack.
You hit the wolf.
The wolf is severely wounded.
The wolf bites you.
* * * LOW HITPOINT WARNING * * *
A wolf comes into view.
The wolf bites you but does no damage. You block the wolf's attack.
Unknown command.
You slash the wolf!
You kill the wolf!
Lugonu accepts your kill. The steam dragon breathes steam at you.
The ball of steam misses you.
You hear a howl!
The hound is engulfed in a cloud of scalding steam.
The steam dragon breathes steam at you. The ball of steam hits you!
* * * LOW HITPOINT WARNING * * *
You hear a howl! x3
You are engulfed in a cloud of scalding steam.
* * * LOW HITPOINT WARNING * * *
You are engulfed in a cloud of scalding steam.
* * * LOW HITPOINT WARNING * * *
The hound is engulfed in a cloud of scalding steam.
There is a stone staircase leading up here.
The hound stops to sniff the ground.
The steam dragon breathes steam at you. The ball of steam hits you!
You die...

### ~ ..# ≈≈ #.# ≈≈≈
#.# .≈≈≈ #.# ~≈≈≈≈
#.# .≈≈≈≈≈###.##
~≈≈≈≈≈.....###
~≈≈≈~~##<..@.#
.≈≈~~.##...#§#
~≈≈~.......#§### ≈~~
..##.....D.# ≈≈~.~≈≈
.. #.....#.#
≈≈≈.≈≈≈~...########.#
~.~.~≈~.~~.# #.#
~h≈.~≈~~~..#### #.#
~...~g...D..h.# #h#


There were no monsters in sight!

Vanquished Creatures
  Pikel (D:5)
  Prince Ribbit (D:6)
  Duvessa (D:6)
  2 black bears
  A sky beast (D:6)
  3 ogres
  A wolf (D:8)
  A centaur (D:8)
  2 bullfrogs
  9 kobold brigands (Sewer)
  3 scorpions
  4 wights
  Dowan (D:6)
  4 killer bees (D:8)
  3 howler monkeys
  2 hounds
  A gnoll bouda (D:6)
  A jelly (D:5)
  5 orc priests
  A sleepcap (D:7)
  4 iguanas
  2 orc wizards (D:6)
  10 gnolls
  11 adders
  2 river rats (D:3)
  A white imp (D:6)
  An ufetubus (D:4)
  4 worms
  3 dart slugs
  6 orcs
  8 ball pythons
  2 bats
  11 endoplasms
  A giant cockroach (D:1)
  3 hobgoblins
  13 jackals
  8 kobolds
  4 quokkas
  15 goblins
  10 rats
166 creatures vanquished.

Notes
Turn   | Place    | Note
-------+----------+-------------------------------------------
     0 | D:1      | Newt the Merfolk Fighter began the quest for the Orb.
     0 | D:1      | Reached XP level 1. HP: 18/18 MP: 1/1
   166 | D:1      | Reached XP level 2. HP: 25/25 MP: 2/2
   224 | D:1      | Reached skill level 1 in Dodging
   509 | D:1      | Reached skill level 2 in Dodging
   534 | D:1      | Reached XP level 3. HP: 30/30 MP: 3/3
  1204 | D:2      | Reached skill level 3 in Dodging
  1377 | D:2      | Identified the +1 ring mail "Waviecic" {Will- Int+8}
  1907 | D:2      | Reached XP level 4. HP: 37/37 MP: 4/4
  2173 | D:3      | Reached skill level 4 in Dodging
  2262 | D:3      | Found a glowing drain.
  2279 | D:3      | Reached skill level 5 in Dodging
  2295 | Sewer    | Entered a sewer
  2483 | Sewer    | Noticed a kobold brigand
  2509 | Sewer    | Killed a kobold brigand
  2510 | Sewer    | Reached XP level 5. HP: 27/42 MP: 5/5
  2616 | Sewer    | Noticed a kobold brigand
  2629 | Sewer    | Killed a kobold brigand
  2630 | Sewer    | Reached skill level 5 in Long Blades
  2630 | Sewer    | Reached XP level 6. HP: 45/48 MP: 6/6
  2694 | Sewer    | Reached skill level 1 in Throwing
  3080 | Sewer    | Reached XP level 7. HP: 21/54 MP: 7/7
  3638 | Sewer    | Reached skill level 5 in Fighting
  3807 | Sewer    | Reached skill level 1 in Stealth
  4539 | D:3      | Reached XP level 8. HP: 63/64 MP: 8/8
  4918 | D:4      | Learned a level 1 spell: Summon Small Mammal
  5490 | D:5      | Entered Level 5 of the Dungeon
  5556 | D:5      | Found Voefoomy's Assorted Antiques.
  5764 | D:5      | Noticed Pikel
  5797 | D:5      | Killed Pikel
  6007 | D:5      | Found a snail-covered altar of Cheibriados.
  6098 | D:5      | Found a shimmering altar of Xom.
  6129 | D:5      | Reached XP level 9. HP: 53/69 MP: 11/13
  6726 | D:6      | Noticed Dowan
  6741 | D:6      | Noticed Duvessa
  6757 | D:6      | Killed Duvessa
  6766 | D:6      | Reached skill level 6 in Dodging
  6768 | D:6      | Killed Dowan
  7108 | D:6      | Reached skill level 7 in Dodging
  7234 | D:6      | Noticed Prince Ribbit
  7505 | D:6      | Killed Prince Ribbit
  7506 | D:6      | Reached skill level 8 in Dodging
  7906 | D:6      | Found a bloodstained altar of Trog.
  8124 | D:6      | Reached skill level 5 in Throwing
  8391 | D:7      | Found a staircase to the Ecumenical Temple.
  8400 | Temple   | Found a transporter.
  8400 | Temple   | Found a transporter.
  8400 | Temple   | Found a transporter.
  8400 | Temple   | Found a transporter.
  8400 | Temple   | Entered the Ecumenical Temple
  8413 | Temple   | Became a worshipper of the Shining One
  8572 | D:7      | Reached XP level 10. HP: 63/72 MP: 15/15
  9313 | D:8      | Noticed Joseph
  9351 | D:8      | HP: 2/76 [steam dragon] (6)]
  9352 | D:9      | Noticed Erolcha
  9352 | D:9      | Found a staircase to the Orcish Mines.
  9355 | Abyss:2  | Found a corrupted altar of Lugonu.
  9355 | Abyss:2  | Cast into level 2 of the Abyss (Erolcha)
  9444 | Abyss:2  | Fell from the grace of the Shining One
  9444 | Abyss:2  | Became a worshipper of Lugonu the Unformed
  9444 | Abyss:2  | Reached * piety under Lugonu
  9444 | Abyss:2  | Reached ** piety under Lugonu
  9445 | Abyss:2  | Noticed a tentacled starspawn
  9446 | D:9      | Escaped the Abyss
  9837 | D:8      | Noticed Grum
  9871 | D:8      | Killed from afar by a steam dragon

Illustrated notes

Levels and vault maps discovered:
D:1:      dpeg_arrival_chambers_temple_mockup, layout_basic
D:2:      layout_basic, bh_walls_and_bars
D:3:      layout_loops_cross, portal_sewer_entry_b, kennysheep_generic_room_7
D:4:      layout_cave_pools
D:5:      layout_basic, kennysheep_slug_shrine, lemuel_coloured_pillars_altar,
          serial_shops, nicolae_shop_peninsula, minmay_stone_trees_small,
          uniq_pikel
D:6:      layout_gridville, lightli_temple_of_fire, minmay_ogre_servants,
          uniq_prince_ribbit1, uniq_duvessa
D:7:      layout_rooms, minmay_temple_entry_drinking_statues,
          david_defended_altar_orc
D:8:      layout_loops_ring, erik_lair_island, minmay_misc_feat_enclosed,
          uniq_grum, uniq_joseph
D:9:      layout_rooms, nzn_wu_jian_council_hall, minivault_11, uniq_erolcha
Temple:   hellmonk_temple_divided_pantheon

Skill      XL: |  1  2  3  4  5  6  7  8  9 10 |
---------------+-------------------------------+-----
Fighting       | 4 6 |  6.0
Dodging        | 2 3 5 8 |  8.0
Long Blades    | 4 5 6 7 |  7.4
Throwing       | 2 3 5 6 |  6.0
Stealth        | 2 4 |  4.0
Armour         | 4 |  4.0
Spellcasting   | 2 3 |  3.8
Summonings     | 3 4 |  4.2
Shields        | |  3.0

Action                     |  1- 3 |  4- 6 |  7- 9 | 10-12 || total
---------------------------+-------+-------+-------+-------++-------
  Melee: Long sword        |   103 |   113 |   369 |    81 ||   666
         Tailslap          |       |     6 |     9 |       ||    15
  Throw: Dart              |       |       |    33 |     5 ||    38
         Boomerang         |       |       |    16 |     1 ||    17
         Javelin           |       |       |     2 |     3 ||     5
   Cast: Summon Small Mamm |       |       |     1 |       ||     1
 Invoke: Depart the Abyss  |       |       |       |     1 ||     1
    Use: Scroll            |     4 |     3 |    12 |     2 ||    21
         Potion            |       |       |     5 |     1 ||     6
   Stab: Sleeping          |       |       |     6 |       ||     6
 Armour: Scale mail        |    47 |       |       |       ||    47
         Ring mail         |     2 |    21 |    73 |    12 ||   108
  Dodge: Dodged            |    50 |    55 |   257 |   130 ||   492
  Block: Buckler           |    23 |    23 |    91 |    41 ||   178

Table legend: (Time is in decaauts)
 A = Elapsed time spent in this place.
 B = Non-inter-level travel time spent in this place.
 C = Inter-level travel time spent in this place.
 D = Time resting spent in this place.
 E = Time spent auto-exploring this place.
 F = Levels seen in this place.
 G = Mean time per level.
                   A        B        C        D        E       F      G
               +--------+--------+--------+--------+--------+-----+--------+
         Total |   9861 |   9462 |    399 |   2869 |   4814 |  12 |  821.8 |
       Dungeon |   8060 |   7661 |    399 |   1828 |   4378 |   9 |  895.6 |
        Temple |    128 |    128 |      0 |    100 |      0 |   1 |  128.0 |
         Abyss |     90 |     90 |      0 |     75 |      0 |   1 |   90.0 |
         Sewer |   1581 |   1581 |      0 |    865 |    435 |   1 | 1581.0 |
               +--------+--------+--------+--------+--------+-----+--------+

Top non-repeatable levels by time:
   Sewer: 1581 daAuts
     D:6: 1494 daAuts
     D:5: 1193 daAuts
     D:2: 1096 daAuts
     D:1: 1037 daAuts
     D:7: 996 daAuts
     D:4: 896 daAuts
     D:3: 836 daAuts
     D:8: 505 daAuts
  Temple: 128 daAuts
 Abyss:2: 90 daAuts
     D:9: 4 daAuts
